 Dungeon Crawl Stone Soup version 0.32-a0-616-g9348d4545b (webtiles) character file.

Game seed: 15354883602164977451

42830 sleeves the Severer (level 13, -8/79 HPs)
             Began as a Mountain Dwarf Monk on Mar 5, 2024.
             Was a High Priest of Beogh.
             Mangled by a minotaur
             ... wielding the +6 war axe "Moanweup" {venom, +Blink rPois rF+ Dex-2}
              (27 damage)
             ... in a Gauntlet.
             The game lasted 01:06:54 (23690 turns).

sleeves the Severer (Mountain Dwarf Monk)          Turns: 23690, Time: 01:06:54

Health: -8/79      AC: 22    Str: 19      XL:     13   Next: 87%
Magic:  16/22      EV:  6    Int:  4 (7)  God:    Beogh [*****.]
Gold:   950        SH:  9    Dex:  6 (8)  Spells: 12/12 levels left

rFire   + + .        z - +1 war axe (flame)
rCold   . . .        W - +0 kite shield
rNeg    . . .        N - +0 plate armour
rPois   +            B - +0 helmet
rElec   +            H - +0 cloak
rCorr   +            T - +0 pair of gloves
SInv    .            P - +0 pair of boots
Will    ++...        m - amulet of the acrobat Stlth
                     s - ring of willpower
HPRegen 0.33/turn    g - ring of fire
MPRegen 0.18/turn

%: no teleportation, acrobat
@: lethally poisoned (-8 -> -24), resistant, invisible, unable to read
A: walk on water, runic magic, artefact enchanting, [clumsy 2], [deterioration
2], [dopey 2], frail 1[+2], ([teleportitis 2]), [inability to read after injury
2], [persistent drain]
a: Renounce Religion, Smiting, Recall Apostles, Blood for Blood, Dismiss
Borgoth, wizard, Dismiss Wardok, priest, Dismiss Orgrim, priest


You were in a Gauntlet.
You worshipped Beogh.
Beogh was extremely pleased with you.
You visited 3 branches of the dungeon, and saw 16 of its levels.
You also visited: Sewer, Gauntlet and Volcano.

You collected 950 gold pieces.

Inventory:

Hand Weapons
 a - a +0 hand axe of freezing
 l - a +2 mace of protection
   (You found it on level 2 of the Dungeon)
 z - a +1 war axe of flaming (weapon)
   (You took it off Maggie on level 8 of the Dungeon)
Missiles
 h - 42 poisoned darts (quivered)
 i - 7 boomerangs
Armour
 b - a +3 leather armour of positive energy
   (You took it off Eustachio on level 6 of the Dungeon)
 d - an orb of light
 B - a +0 helmet (worn)
   (You found it on level 5 of the Dungeon)
 H - a +0 cloak (worn)
   (You found it on level 4 of the Lair of Beasts)
 I - a +0 chain mail
   (You found it on level 6 of the Dungeon)
 N - a +0 plate armour (worn)
   (You took it off an orc warrior on level 7 of the Dungeon)
 P - a +0 pair of boots (worn)
   (You found it on level 10 of the Dungeon)
 T - a +0 pair of gloves (worn)
   (You found it on level 1 of the Lair of Beasts)
 W - a +0 kite shield (worn)
   (You found it on level 2 of the Lair of Beasts)
 X - a +3 leather armour of fire resistance
   (You found it in a volcano)
Jewellery
 g - a ring of fire (right hand)
   (You found it on level 1 of the Dungeon)
 m - an amulet of the acrobat (around neck)
   (You found it on level 2 of the Dungeon)
 n - an amulet of magic regeneration
   (You took it off Erica on level 2 of the Lair of Beasts)
 p - a +6 ring of intelligence
   (You found it in a Gauntlet)
 s - a ring of willpower (left hand)
   (You found it on level 2 of the Dungeon)
 t - a ring of magical power
   (You found it on level 2 of the Dungeon)
 D - an amulet of guardian spirit
   (You found it on level 8 of the Dungeon)
 M - a ring of ice
   (You found it on level 9 of the Dungeon)
Wands
 e - a wand of paralysis (23)
   (You found it on level 4 of the Dungeon)
 O - a wand of digging (2)
   (You found it on level 10 of the Dungeon)
 Q - a wand of flame (11)
   (You took it off a wight on level 10 of the Dungeon)
 Y - a wand of roots (5)
   (You found it on level 4 of the Lair of Beasts)
Scrolls
 o - 3 scrolls of enchant weapon
 r - 3 scrolls of teleportation
 y - 3 scrolls of fear
 A - a scroll of blinking
 C - a scroll of torment
 F - a scroll of immolation
 G - 4 scrolls of fog
 K - a scroll of silence
 L - 4 scrolls of amnesia
 R - a scroll of butterflies
 V - a scroll of brand weapon
Potions
 c - a potion of lignification
 f - 3 potions of enlightenment
 j - 6 potions of magic
 k - 2 potions of cancellation
 u - 2 potions of invisibility
 w - a potion of brilliance {unknown}
 x - 5 potions of mutation
 E - a potion of attraction {unknown}
 J - 5 potions of curing
 U - a potion of ambrosia


   Skills:
 - Level 10.0 Fighting
 - Level 16.0 Axes
 - Level 13.0 Armour
 - Level 6.2 Dodging
 + Level 8.4 Shields
 + Level 12.9 Invocations


You had 12 spell levels left.
You didn't know any spells.
Your spell library contained the following spells:

 Spells                   Type           Power      Damage    Failure   Level
 Apportation              Tloc           0%         N/A       93%         1
 Magic Dart               Conj           0%         1d3       93%         1
 Shock                    Conj/Air       0%         1d3       93%         1
 Slow                     Hex            0%         N/A       93%         1
 Summon Small Mammal      Summ           0%         N/A       93%         1
 Blink                    Tloc           0%         N/A       98%         2
 Call Imp                 Summ           0%         N/A       98%         2
 Jinxbite                 Hex            0%         N/A       98%         2
 Scorch                   Fire           0%         2d5       98%         2
 Static Discharge         Conj/Air       0%         3-3/arc   98%         2
 Call Canine Familiar     Summ           0%         N/A       100%        3
 Swiftness                Air            0%         N/A       100%        3
 Airstrike                Air            0%         2d(0-16)  100%        4
 Flame Wave               Conj/Fire      0%         2d4       100%        4
 Ignite Poison            Fire/Alch      0%         N/A       100%        4
 Manifold Assault         Tloc           0%         N/A       100%        4
 Summon Blazeheart Golem  Fire/Summ      0%         N/A       100%        4
 Summon Lightning Spire   Summ/Air       0%         N/A       100%        4
 Vhi's Electric Charge    Tloc/Air       0%         N/A       100%        4
 Alistair's Intoxication  Alch           0%         N/A       100%        5
 Summon Cactus Giant      Summ           0%         N/A       100%        6


Dungeon Overview and Level Annotations

Branches:
Dungeon (11/15)            Temple (1/1) D:5            Lair (4/5) D:10
 Shoals (0/4) Lair:2        Snake (0/4) Lair:3          Orc (0/2) D:10
  Sewer (visited)         Volcano (visited)         Gauntlet (1/1)
  Slime: Lair:4-5

Altars:
Ashenzari
Cheibriados
Dithmenos
Elyvilon
Fedhas
Gozag
Hepliaklqana
Kikubaaqudgha
Makhleb
Nemelex Xobeh
Okawaru
Qazlal
Ru
Sif Muna
Trog
Uskayaw
Vehumet
Wu Jian
Xom
Yredelemnul
Zin
The Shining One

Shops:
D:2 (   D:7 **[

Annotations:
D:2 1 runed translucent door, Crazy Yiuf
D:8 exclusion: door
D:11 Erolcha
Lair:1 exclusion: orange crystal statue Gauntlet 10 transporters


Innate Abilities, Weirdness & Mutations

You can walk on water.
Your facial features are unmistakably orcish.
Your spellcasting is much less encumbered by armour.
You can use scrolls of enchantment on lesser artefacts.
[You are very clumsy. (Dex -4)]
[Your body often deteriorates upon taking damage.]
[You are very dopey. (Int -4)]
[You are extremely frail. (-30% HP)]
[((You are often teleported next to monsters.))]
[You sometimes lose the ability to read scrolls when taking damage.]
[Your health recovers twice as slowly from being drained.]


Message History

The five-headed hydra closely misses you.
Orgrim invokes the aid of Beogh against the five-headed hydra.
The five-headed hydra is smitten.
Wardok hits the five-headed hydra with a +2 flail of venom.
The five-headed hydra is poisoned.
You catch the helpless five-headed hydra completely off-guard!
You hack one of the five-headed hydra's heads off!
The flame cauterises the wound!
You hit the four-headed hydra. You burn the four-headed hydra.
You kill the four-headed hydra!
Beogh accepts your kill.
Your Shields skill increases to level 7!
Your scorpion disappears in a puff of smoke!
Your scorpion disappears in a puff of smoke!
You hear the beating of a very distant drum.
HP restored.
You swap places.
You swap places.
You swap places.
p - a fuming golden potion
Found a potion of heal wounds.
J - 6 potions of curing (gained 1)
A yak comes into view.
You hear the beating of a very distant drum.
Orgrim calls down the wrath of Beogh upon the yak.
The yak is smitten.
Orgrim prays to Beogh.
Orgrim mumbles some strange prayers to Beogh against the yak.
The yak is smitten.
You swap places.
Your scorpion barely misses the yak.
Orgrim completely misses the yak.
Your +3 flail of Prudence {spect, Fly rF+ Int+2 Stlth+} hits the yak.
Borgoth casts a spell at the yak.
The blast of sand hits the yak!
The yak dies!
Beogh accepts your kill.
v - 4 potions of heal wounds (gained 1)
Your scorpion disappears in a puff of smoke!
Your scorpion disappears in a puff of smoke!
Found a stone staircase leading down.
Your scorpion disappears in a puff of smoke! 3 blink frogs come into view.
The blink frog croaks.
The blink frog gives a loud, deep croak!
You hear a croak.
The blink frog blinks!
A blink frog comes into view.
The blink frog moves out of view.
A blink frog comes into view.
Orgrim invokes the aid of Beogh against the blink frog.
The blink frog is smitten.
The blink frog blinks!
You miss the blink frog.
The blink frog is moderately wounded.
The blink frog gives a loud, deep croak!
You slash the blink frog! You burn the blink frog. You slash the plant!
The plant begins to die.
You burn the plant. The blink frog hits you! You block the blink frog's attack.
The blink frog blinks!
You closely miss the blink frog.
The blink frog is moderately wounded.
You completely miss the blink frog. You hit the plant. You burn the plant.
The blink frog hits you but does no damage.
You block the blink frog's attack.
You barely miss the blink frog.
The blink frog is moderately wounded.
You slash the blink frog! You burn the blink frog. You slash the plant!
You burn the plant.
The blink frog hits you but does no damage.
Orgrim hits the blink frog with the +3 flail of Prudence!
Your +3 flail of Prudence {spect, Fly rF+ Int+2 Stlth+} hits the blink frog!!
The blink frog dies!
Beogh accepts your kill.
The blink frog blinks! x2
You slash the blink frog! You burn the blink frog.
You kill the blink frog!
Beogh accepts your kill.
You slash the plant! You burn the plant.
Your Invocations skill increases to level 12!
You barely miss the blink frog. You slash the plant! You burn the plant!
A nearby plant withers and dies.
A black mamba comes into view.
Borgoth mumbles some strange words.
Borgoth blinks!
You block the blink frog's attack.
Your +3 flail of Prudence {spect, Fly rF+ Int+2 Stlth+} disappears.
Orgrim closely misses the blink frog.
Your +3 flail of Prudence {spect, Fly rF+ Int+2 Stlth+} hits the blink frog!!
Wardok mumbles some strange prayers to Beogh against the blink frog.
The blink frog is smitten.
The blink frog dies!
Beogh accepts your kill. You block the blink frog's attack.
You see here a blink frog corpse.
You miss the blink frog.
The black mamba bites your +3 flail of Prudence {spect, Fly rF+ Int+2 Stlth+} but does no damage.
You block the blink frog's attack.
The black mamba bites your +3 flail of Prudence {spect, Fly rF+ Int+2 Stlth+}!
Orgrim shares his spectral weapon's damage!
The blink frog blinks!
Your +3 flail of Prudence {spect, Fly rF+ Int+2 Stlth+} disappears.
The blink frog blinks!
Orgrim barely misses the black mamba.
Your +3 flail of Prudence {spect, Fly rF+ Int+2 Stlth+} hits the black mamba!
Wardok hits the plant with a +2 flail of venom!
The plant begins to die.
You hit the black mamba. You burn the black mamba.
The black mamba is moderately wounded.
You hit the plant. You burn the plant. The black mamba bites you.
You hit the black mamba but do no damage.
The black mamba is moderately wounded.
You slash the plant! You burn the plant. The black mamba bites you.
The blink frog barely misses your +3 flail of Prudence {spect, Fly rF+ Int+2 Stlth+}.
Orgrim hits the black mamba with the +3 flail of Prudence!
Your +3 flail of Prudence {spect, Fly rF+ Int+2 Stlth+} closely misses the black mamba.
Wardok hits the plant with a +2 flail of venom!
Borgoth gestures wildly while chanting.
Borgoth blinks!
The black mamba closely misses you.
The blink frog hits your +3 flail of Prudence {spect, Fly rF+ Int+2 Stlth+}!
Orgrim shares his spectral weapon's damage!
The blink frog blinks!
You hit the black mamba. You burn the black mamba.
The black mamba is heavily wounded.
You slash the plant! You burn the plant.
The black mamba bites you but does no damage.
Wardok calls down the wrath of Beogh upon the blink frog.
The blink frog is smitten.
You hit the black mamba. You burn the black mamba.
The black mamba is severely wounded.
You hit the plant. You burn the plant. You block the black mamba's attack.
Your +3 flail of Prudence {spect, Fly rF+ Int+2 Stlth+} disappears.
Wardok mumbles some strange prayers to Beogh against the blink frog.
The blink frog is smitten.
You block the black mamba's attack.
You hit the black mamba. You burn the black mamba.
The black mamba is almost dead.
You hit the plant. You burn the plant.
A nearby plant withers and dies.
You block the black mamba's attack.
You slash the black mamba! You burn the black mamba.
You kill the black mamba!
Beogh accepts your kill.
You slash the blink frog! You burn the blink frog! The blink frog hits you.
Orgrim hits the blink frog with the +3 flail of Prudence!
Your +3 flail of Prudence {spect, Fly rF+ Int+2 Stlth+} hits the blink frog!
The blink frog dies!
Beogh accepts your kill.
Wardok closely misses the blink frog.
You hit the blink frog. You burn the blink frog.
The blink frog is almost dead.
You block the blink frog's attack.
Wardok hits the blink frog with a +2 flail of venom.
The blink frog dies!
Beogh accepts your kill.
No target in view!
No target in view!
Your +3 flail of Prudence {spect, Fly rF+ Int+2 Stlth+} disappears.
You see here a black mamba corpse.
Found a glowing chain mail.
You hear the loud beating of a very distant drum.
Found 10 gold pieces.
Found a book of Minor Magic.
You now have 928 gold pieces (gained 10).
You hear the loud beating of a very distant drum.
Found a scroll of identify.
S - 3 scrolls of identify (gained 1)
You swap places.
You see here a book of Minor Magic.
You hear the loud beating of a very distant drum.
Found a chain mail and a scroll of immolation. 2 blink frogs come into view.
Found a cloak.
The blink frog croaks.
The blink frog gives a loud, deep croak!
You hear a loud, deep croak!
A blink frog comes into view.
The blink frog blinks!
Wardok calls down the wrath of Beogh upon the blink frog.
The blink frog is smitten.
Borgoth points at the blink frog and mumbles some strange words.
The puff of flame hits the blink frog!
The blink frog blinks!
Orgrim utters an invocation to Beogh.
You slash the blink frog! You burn the blink frog.
The blink frog is almost dead.
You hit the blink frog. You burn the blink frog.
The blink frog hits you but does no damage. x3
The blink frog blinks!
You barely miss the blink frog.
The blink frog is almost dead.
You slash the blink frog! You burn the blink frog.
You block the blink frog's attack.
The blink frog blinks!
The blink frog completely misses Borgoth.
You slice the blink frog!! You burn the blink frog.
You kill the blink frog!
Beogh accepts your kill.
The blink frog blinks! x2
The blink frog misses you.
The blink frog blinks! x2
You miss the blink frog. The blink frog hits you.
You hit the blink frog. You burn the blink frog.
The blink frog is lightly wounded.
The blink frog blinks!
You block the blink frog's attack.
Wardok completely misses the blink frog.
You miss the blink frog.
The blink frog is lightly wounded.
You block the blink frog's attack.
You closely miss the blink frog.
The blink frog is lightly wounded.
Wardok hits the blink frog with a +2 flail of venom.
The blink frog is poisoned.
The blink frog hits you!
Borgoth points at the blink frog and mumbles some strange words.
The blast of sand misses the blink frog.
You slash the blink frog! You burn the blink frog.
The blink frog is severely wounded.
Orgrim mumbles some strange prayers to Beogh against the blink frog.
The blink frog is smitten.
The blink frog dies!
Beogh accepts your kill.
The blink frog blinks!
Borgoth mumbles some strange words.
Borgoth blinks!
You swap places.
The blink frog blinks!
A blink frog is nearby!
Borgoth suddenly complains.
Your scorpion stings the blink frog!
The blink frog dies!
Beogh accepts your kill.
You see here a +0 chain mail.
H - a +0 cloak You start putting on your armour.
You continue putting on your +0 cloak.
Your scorpion disappears in a puff of smoke!
You continue putting on your +0 cloak. x3
You finish putting on your +0 cloak.
You start removing your armour.
You continue removing your +3 leather armour of fire resistance. x3
You hear the thunderous beating of a very distant drum.
You continue removing your +3 leather armour of fire resistance.
You finish removing your +3 leather armour of fire resistance.
You feel less resistant to fire.
You start putting on your armour.
You continue putting on your +0 chain mail. x5
You finish putting on your +0 chain mail.
You start removing your armour.
You continue removing your +0 chain mail. x4
You finish removing your +0 chain mail.
You start putting on your armour.
You continue putting on your +0 plate armour. x5
You finish putting on your +0 plate armour.
Found a club.
Found 2 javelins.
Orgrim says, "I just want to die in your service, sleeves!"
A six-headed hydra comes into view.
The six-headed hydra roars!
Borgoth mumbles some strange words.
Borgoth blinks!
You hack one of the six-headed hydra's heads off!
The flame cauterises the wound!
You slash the five-headed hydra! You burn the five-headed hydra.
The five-headed hydra is lightly wounded.
The five-headed hydra bites you but does no damage.
You block the five-headed hydra's attack.
The five-headed hydra completely misses you.
The five-headed hydra bites you but does no damage.
The five-headed hydra bites you.
You hack one of the five-headed hydra's heads off!
The flame cauterises the wound!
You slash the four-headed hydra! You burn the four-headed hydra.
The four-headed hydra is heavily wounded.
The four-headed hydra bites you.
The four-headed hydra bites you but does no damage. x3
You barely miss the four-headed hydra.
The four-headed hydra is heavily wounded.
Borgoth gestures wildly while chanting.
Borgoth blinks!
The four-headed hydra barely misses you.
You block the four-headed hydra's attack. x2
The four-headed hydra bites you but does no damage.
You slice one of the four-headed hydra's heads off!
The flame cauterises the wound!
You slash the three-headed hydra! You burn the three-headed hydra.
The three-headed hydra is heavily wounded.
You barely miss the three-headed hydra.
The three-headed hydra is heavily wounded.
The three-headed hydra bites you!
You block the three-headed hydra's attack.
The three-headed hydra bites you but does no damage.
Borgoth gestures wildly while chanting.
Borgoth blinks!
You chop one of the three-headed hydra's heads off!
The flame cauterises the wound!
You slash the two-headed hydra! You burn the two-headed hydra.
The two-headed hydra is severely wounded.
You block the two-headed hydra's attack.
The two-headed hydra bites you but does no damage.
Wardok barely misses the two-headed hydra.
You slice one of the two-headed hydra's heads off!
The flame cauterises the wound!
You slash the one-headed hydra! You burn the one-headed hydra.
The one-headed hydra is almost dead.
You block the one-headed hydra's attack.
Wardok hits the one-headed hydra with a +2 flail of venom!
The one-headed hydra dies!
Beogh accepts your kill.
You hear the thunderous beating of a very distant drum.
You swap places.
Found a rapier.
A catoblepas comes into view.
The catoblepas bellows!
The catoblepas breathes a plume of calcifying dust at you.
The blast of calcifying dust hits you but does no damage.
The catoblepas moves out of view.
Orgrim is engulfed in calcifying dust.
Orgrim is moving more slowly.
The catoblepas breathes a plume of calcifying dust at you.
The blast of calcifying dust hits you but does no damage.
Borgoth is engulfed in calcifying dust.
Borgoth is moving more slowly.
Borgoth gestures wildly while chanting.
Borgoth blinks!
Orgrim is engulfed in calcifying dust.
Orgrim stops moving altogether!
The catoblepas breathes a plume of calcifying dust at you.
The blast of calcifying dust hits you but does no damage.
Wardok calls down the wrath of Beogh upon the catoblepas.
The catoblepas is smitten.
Orgrim is engulfed in calcifying dust.
Borgoth mumbles some strange words.
Borgoth blinks!
You block the catoblepas's attack.
Orgrim is engulfed in calcifying dust.
You hit the catoblepas but do no damage.
The catoblepas is moderately wounded.
The catoblepas gores you.
You slash the catoblepas! You burn the catoblepas.
The catoblepas is heavily wounded.
The catoblepas gores you but does no damage.
You hit the catoblepas. You burn the catoblepas.
The catoblepas is heavily wounded.
Borgoth stops moving altogether!
You block the catoblepas's attack.
You slash the catoblepas! You burn the catoblepas.
The catoblepas is severely wounded.
The catoblepas gores you!
You hit the catoblepas. You burn the catoblepas.
The catoblepas is severely wounded.
You slash the catoblepas! You burn the catoblepas.
The catoblepas is almost dead.
The catoblepas gores you but does no damage.
Wardok hits the catoblepas with a +2 flail of venom!
You hit the catoblepas. You burn the catoblepas.
The catoblepas is almost dead.
The catoblepas gores you.
Wardok hits the catoblepas with a +2 flail of venom.
The catoblepas dies!
Beogh accepts your kill.
Your Shields skill increases to level 8!
Orgrim is no longer petrified.
You hear the deafening beating of a very distant drum.
Found a stone staircase leading up.
Found a wand of roots (6).
Found 22 gold pieces.
Found a stone staircase leading down.
You hear the deafening beating of a drum very nearby.
Y - a wand of roots (6)
You swap places.
You now have 950 gold pieces (gained 22).
Found a gate leading to a gauntlet.
A basilisk comes into view.
The basilisk hisses angrily.
Found a book of Battle.
The basilisk gazes at you. You resist with almost no effort.
Borgoth gestures wildly while chanting.
Borgoth blinks!
The basilisk gazes at you. You resist with almost no effort.
Found a metallic cyan potion.
You closely miss the basilisk. The basilisk barely misses you.
You slash the basilisk! You burn the basilisk.
The basilisk is severely wounded.
Orgrim hits the basilisk with the +3 flail of Prudence!
The basilisk dies!
Beogh accepts your kill.
You hear the deafening beating of a drum.
There is a gate leading to a gauntlet here.
Beware, the minotaur awaits!
The world spins around you as you enter the gateway.
You enter a gauntlet!
The nature of this place prevents you from teleporting.
Found a gate leading back out of this place.
Found two transporters.
There is an empty arch of ancient stone here.
You swap places.
The ufetubus shouts!
Found a transporter.
The ufetubus shouts!
Found a transporter.
The boggart shouts!
Found an amulet of magic regeneration.
Found a transporter.
The boggart shouts!
Found a transporter.
The neqoxec shouts!
You hear a shout!
The neqoxec shouts!
Found a transporter.
You swap places.
You swap places.
The ufetubus shouts!
The rust devil screeches!
The iron imp shouts, "Begone, thou beslubbering hell-hated prigger-of-prances!"
Something shouts, "Back with thee, thou euchred rude-growing snaffler!"
Found a transporter.
The iron imp shouts!
The iron imp summons a swarm of flies.
The ynoxinul bellows!
The iron imp puffs mist at you.
The iron imp grins evilly.
Found a transporter.
The iron imp shouts, "Flee, thou feeble elf-skinned bum-bailey!"
The iron imp shouts, "Away with thee, thou mangled weevil-witted scavenger!"
The iron imp shouts, "Return whence thou came, thou baffled pelf-dandling hedge-pig!"
Something shouts, "Slither hence, thou canting flap-mouthed puttock!"
You hear a bellow!
The iron imp grins evilly.
The iron imp lashes its tail.
The iron imp puffs mist at you. The iron imp spits at you.
Found a dagger.
Found a transporter.
The ynoxinul bellows!
The iron imp grins evilly.
The iron imp hits the demonic plant.
The demonic plant begins to die.
The iron imp hits the demonic plant!
A nearby demonic plant withers and dies.
Found a transporter.
The iron imp grins evilly.
The iron imp shouts, "Back with thee, thou fulsome pelf-dandling dingleberry!"
The neqoxec shouts!
The neqoxec shouts!
The neqoxec shouts!
Found a transporter.
You swap places.
You swap places.
You swap places.
The iron imp shouts, "Surrender, thou weedy boodle-bothering fustilarian!"
The iron imp grins evilly.
The iron imp grinds its teeth.
The iron imp lashes its tail.
The iron imp shouts, "Get thee gone, thou twisted kobold-kissing measle!"
The iron imp grinds its teeth.
The iron imp grinds its teeth.
The iron imp puffs mist at you.
The iron imp shouts!
The iron imp grins evilly. x2
The ufetubus shouts!
You hear a shout! x2
The ufetubus shouts!
There is a transporter here.
Found a transporter.
The hornet buzzes angrily. x2
Found a transporter.
The neqoxec shouts!
The neqoxec shouts!
Found a gate leading back out of this place.
The cacodemon shouts!
Found 5 stones.
Found a transporter.
Found a transporter.
Partly explored, unvisited transporter.
The iron imp puffs mist at you.
The iron imp shouts, "Decamp, thou horrid boodle-bothering crab-lanthorn!"
Okay, then.
You swap places.
You swap places.
Okay, then.
As you read the scroll of identify, it crumbles to dust.
L - 4 scrolls of amnesia
As you read the scroll of identify, it crumbles to dust.
R - a scroll of butterflies
As you read the scroll of identify, it crumbles to dust.
p - a potion of degeneration
Okay, then.
You drop a potion of degeneration.
You start removing your armour.
You continue removing your +0 plate armour. x4
You finish removing your +0 plate armour.
You start putting on your armour.
You continue putting on your +0 chain mail. x5
You finish putting on your +0 chain mail.
You start removing your armour.
You continue removing your +0 chain mail. x4
You finish removing your +0 chain mail.
You start putting on your armour.
You continue putting on your +0 plate armour. x5
You finish putting on your +0 plate armour.
Okay, then.
Okay, then.
Press: ? - help, . - travel You can't see that place. [the floor.] Unknown command.
Unknown command.
Unknown command.
Unknown command.
Unknown command.
Unknown command.
Unknown command.
Unknown command.
Unknown command.
Okay, then.
Okay, then.
Press: ? - help, . - travel You can't see that place. [the floor.] Wardok shouts, "Fear not, sleeves!
Beogh smiles on those who fall in battle!"
The iron imp shouts, "Slither away, thou bootless rhino-ravelling mendicant!"
The ufetubus shouts!
The iron imp picks up a beetle and eats it.
The iron imp sputters.
There is a transporter here.
The iron imp shouts, "Give up, thou yeasty base-court lout!"
You swap places.
There is a transporter here.
You enter the transporter and appear at another place.
You swap places.
You swap places.
The ynoxinul gestures.
You closely miss the iron imp. You block the iron imp's attack.
You hit the rust devil.
The rust devil is lightly wounded.
You hit the rust devil but do no damage.
The rust devil is lightly wounded.
Orgrim hits the rust devil with the +3 flail of Prudence.
The rust devil hits you. The rust devil corrodes you!
You barely miss the rust devil.
The rust devil is lightly wounded.
Orgrim hits the rust devil with the +3 flail of Prudence.
The rust devil hits you. The rust devil corrodes you!
You slash the rust devil!
The rust devil is moderately wounded.
Orgrim hits the rust devil but does no damage.
The rust devil completely misses you.
You hit the rust devil but do no damage.
The rust devil is moderately wounded.
The iron imp grins evilly.
Orgrim hits the rust devil with the +3 flail of Prudence!
You barely miss the rust devil.
The rust devil is severely wounded.
The rust devil hits you. The rust devil corrodes you!
Orgrim hits the rust devil but does no damage.
You hit the rust devil but do no damage.
The rust devil is severely wounded.
You block the rust devil's attack.
You completely miss the rust devil.
The rust devil is severely wounded.
Orgrim invokes the aid of Beogh against the iron imp.
The iron imp is smitten.
The rust devil hits you. The rust devil corrodes you!
You hit the rust devil but do no damage.
The rust devil is severely wounded.
Orgrim calls down the wrath of Beogh upon the iron imp.
The iron imp is smitten.
The iron imp dies!
Beogh accepts your kill. You block the rust devil's attack.
You barely miss the rust devil.
The rust devil is severely wounded.
Orgrim hits the rust devil with the +3 flail of Prudence!
The rust devil closely misses Orgrim.
You hit the rust devil but do no damage.
The rust devil is almost dead.
Orgrim hits the rust devil but does no damage.
The rust devil hits Orgrim.
The rust devil corrodes Orgrim!
Orgrim hits the rust devil with the +3 flail of Prudence!
The rust devil dies!
Beogh accepts your kill.
Borgoth is recalled.
Wardok is recalled.
Orgrim hits the ynoxinul with the +3 flail of Prudence!
Your +3 flail of Prudence {spect, Fly rF+ Int+2 Stlth+} hits the ynoxinul.
You swap places.
The ynoxinul closely misses you.
Orgrim hits the ynoxinul with the +3 flail of Prudence!
You barely miss the ynoxinul.
The ynoxinul is severely wounded.
The ynoxinul gestures at you. The iron shot hits you!!!
Orgrim barely misses the ynoxinul.
You swap places.
You block the ynoxinul's attack.
Orgrim hits the ynoxinul with the +3 flail of Prudence.
You hit the ynoxinul but do no damage.
The ynoxinul is almost dead.
The ynoxinul gestures.
You hit the ynoxinul but do no damage.
The ynoxinul is almost dead.
You completely miss the ufetubus.
Orgrim mumbles some strange prayers to Beogh against the ynoxinul.
The ynoxinul is smitten.
The ynoxinul dies!
Beogh accepts your kill.
The ufetubus disappears in a puff of smoke! x2
Your +3 flail of Prudence {spect, Fly rF+ Int+2 Stlth+} disappears.
You swap places.
Orgrim is no longer covered in acid.
Borgoth completely misses the iron imp.
The iron imp hits Borgoth!
You barely miss the iron imp. You hit the iron imp but do no damage.
Borgoth hits the iron imp but does no damage.
Wardok prays to Beogh.
Borgoth's wounds begin to rapidly close.
You block the iron imp's attack.
You swap places.
Wardok mumbles some strange prayers to Beogh against the iron imp.
The iron imp is smitten.
The iron imp hits Orgrim but does no damage.
Orgrim hits the iron imp with the +3 flail of Prudence.
Borgoth casts a spell at the iron imp.
The blast of sand hits the iron imp.
Wardok calls down the wrath of Beogh upon the iron imp.
The iron imp is smitten.
The iron imp dies!
Beogh accepts your kill.
Borgoth goes berserk!
Borgoth hits the iron imp with the +2 dagger "Nauzo".
Orgrim hits the iron imp with the +3 flail of Prudence.
The iron imp hits Orgrim but does no damage.
Borgoth hits the iron imp with the +2 dagger "Nauzo".
Orgrim invokes the aid of Beogh against the iron imp.
The iron imp is smitten.
The iron imp dies!
Beogh accepts your kill.
You start resting.
Borgoth is no longer regenerating.
Borgoth is no longer berserk.
Borgoth looks more energetic.
You are no longer corroded.
You start resting.
HP restored.
You swap places.
You swap places.
You see here a +1 falchion of freezing.
You see here the -2 pair of gloves of Compression {-Cast rF+ rC+++ Slay+3}.
There is a transporter here.
You swap places.
You swap places.
There is a transporter here.
You see here the -2 pair of gloves of Compression {-Cast rF+ rC+++ Slay+3}.
You swap places.
There is a transporter here.
You enter the transporter and appear at another place.
You swap places.
You swap places.
You swap places.
The ynoxinul bellows!
Something shouts, "Remove thy stench, thou baffled moldwarp beggar!"
The hornet buzzes angrily.
The hornet buzzes angrily.
You swap places.
You swap places.
You swap places.
You swap places.
You swap places.
You swap places.
The iron imp laughs crazily.
There is a transporter here.
You enter the transporter and appear at another place.
The hornet stings Orgrim but does no damage.
The hornet stings you but does no damage.
Orgrim mumbles some strange prayers to Beogh against the hornet.
The hornet is smitten.
The hornet stings Orgrim.
Orgrim is poisoned.
Orgrim seems to slow down.
You slice the hornet!! You burn the hornet!
The hornet is severely wounded.
Orgrim is invigorated by your prowess. You block the hornet's attack.
The hornet stings Orgrim.
Orgrim looks as sick as possible!
Orgrim seems to slow down.
You hit the hornet but do no damage.
The hornet is severely wounded.
You block the hornet's attack.
The hornet barely misses Orgrim.
Orgrim closely misses the hornet.
You hit the hornet. You burn the hornet.
The hornet is almost dead.
The hornet stings you.
You are poisoned.
You feel yourself slow down.
The hornet stings Orgrim!
Orgrim looks as sick as possible!
Orgrim suddenly stops moving!
The hornet stings you but does no damage.
The hornet stings Orgrim.
Orgrim cannot move out of your way!
You slice the hornet!! You burn the hornet.
You kill the hornet!
Beogh accepts your kill.
You feel yourself speed up.
You feel very sick.
The hornet stings Orgrim.
Orgrim looks as sick as possible!
Orgrim cannot move out of your way!
You feel sick.
Orgrim is no longer paralysed.
The hornet barely misses Orgrim.
Orgrim hits the hornet with the +3 flail of Prudence.
The hornet stings Orgrim!
Orgrim looks as sick as possible!
Orgrim seems to slow down.
You swap places.
You feel sick. You block the hornet's attack.
Orgrim invokes the aid of Beogh against the hornet.
The hornet is smitten.
You hit the hornet but do no damage.
The hornet is almost dead.
You feel sick. The hornet completely misses you. The hornet stings you!
You are more poisoned.
You feel yourself slow down.
You hit the hornet. You burn the hornet.
You kill the hornet!
Beogh accepts your kill.
You feel very sick.
You start resting.
You feel very sick.
You feel yourself speed up.
You feel very sick.
You start resting.
You feel sick. x6
You are no longer poisoned.
You start resting.
Orgrim is no longer moving slowly.
Orgrim dies!
Okay, then.
You start resting.
The ynoxinul bellows!
The iron imp shouts, "Scamper home, thou quaking base-court blabberskite!"
The iron imp shouts, "Quail, thou worthless grit-sucking crab-lanthorn!"
HP restored.
You see here the orc corpse of Orgrim.
Okay, then.
p - a +6 ring of intelligence
x - 4 potions of mutation (gained 1)
There is a transporter here.
You swap places.
There is a transporter here.
You fade into invisibility!
You enter the transporter and appear at another place.
You swap places.
You swap places.
The neqoxec shouts!
The neqoxec shouts!
The iron imp shouts, "Scamper away, thou jarring ditch-delivered foot-licker!"
There is a transporter here.
You enter the transporter and appear at another place.
You become entangled in the net!
Borgoth gestures at the neqoxec while chanting.
The puff of flame hits the neqoxec!
There is a net trap here.
You see here a throwing net.
You struggle against the net.
The wretched star pulses with an eldritch light!
You begin to recover more slowly from draining effects.
You feel stupid. x2
Borgoth twists and deforms.
You struggle against the net.
The neqoxec gestures at Borgoth.
Borgoth's mind is gnawed upon.
Borgoth's magic leaks into the air.
The wretched star pulses with an eldritch light!
You occasionally lose the ability to read scrolls when taking damage.
You lose the ability to read scrolls when taking damage more often.
Borgoth twists and deforms.
You rip the net and break free!
Borgoth gestures at the neqoxec while chanting.
The blast of sand hits the neqoxec!
The wretched star pulses with an eldritch light!
You feel yourself wasting away.
You feel your body start to fall apart.
Borgoth twists and deforms.
The wretched star glows turbulently.
The lance of force hits you!
Your body deteriorates!
You feel dopey.
Borgoth falters for a moment.
Borgoth is recalled.
Wardok is recalled.
Okay, then.
You hit the wretched star. You burn the wretched star.
The wretched star is lightly damaged.
You barely miss the wretched star.
The wretched star is lightly damaged.
You hit the neqoxec. You burn the neqoxec.
The wretched star glows turbulently.
The lance of force hits you! You block the neqoxec's attack.
Wardok calls down the wrath of Beogh upon the wretched star.
The wretched star is smitten.
You closely miss the wretched star.
The wretched star is moderately damaged.
You catch the helpless neqoxec completely off-guard!
You hit the neqoxec. You burn the neqoxec.
The wretched star pulses with an eldritch light!
You feel frail. x2
Wardok twists and deforms.
Borgoth twists and deforms.
You block the neqoxec's attack.
Wardok invokes the aid of Beogh against the wretched star.
The wretched star is smitten.
You closely miss the wretched star.
The wretched star is moderately damaged.
You completely miss the neqoxec.
You flicker for a moment.
You closely miss the wretched star.
The wretched star is moderately damaged.
The wretched star pulses with an eldritch light!
You feel clumsy. x2
Wardok twists and deforms.
Borgoth twists and deforms.
The neqoxec gestures at you.
Strange energies course through your body.
You feel frail.
You slash the neqoxec! You burn the neqoxec.
The neqoxec is heavily wounded.
You hit the wretched star but do no damage.
The wretched star glows turbulently.
The lance of force hits you!!
Your body deteriorates!
You feel dopey.
You slash the neqoxec! You burn the neqoxec.
You kill the neqoxec!
Beogh accepts your kill.
You slash the wretched star! You closely miss the neqoxec.
The neqoxec is almost dead.
You slash the wretched star! The neqoxec barely misses you.
You hit the neqoxec but do no damage.
The neqoxec is almost dead.
You closely miss the wretched star.
The neqoxec hits you but does no damage.
You barely miss the neqoxec.
The neqoxec is almost dead.
You slash the wretched star! You burn the wretched star.
The wretched star glows turbulently.
The lance of force hits you!!
* * * LOW HITPOINT WARNING * * *
x2 The neqoxec gestures at you.
Something gnaws on your mind!
* * * LOW HITPOINT WARNING * * *
Your body deteriorates!
You feel dopey.
You feel your power leaking away.
You swap places.
You flicker back into view.
Borgoth's magic is no longer disrupted.
Borgoth points at the neqoxec and mumbles some strange words.
The puff of flame misses the neqoxec.
The neqoxec gestures at you.
Borgoth twists and deforms.
You feel much better.
Borgoth hits the neqoxec with the +2 dagger "Nauzo"!
The neqoxec dies!
Beogh accepts your kill.
The neqoxec hits Borgoth.
Borgoth barely misses the neqoxec.
The neqoxec hits Borgoth.
Borgoth casts a spell at the neqoxec.
The blast of sand hits the neqoxec!
The neqoxec hits Borgoth.
The neqoxec hits Borgoth.
Borgoth closely misses the neqoxec.
The wretched star glows turbulently.
The lance of force hits Borgoth!!
Borgoth is knocked back by the lance of force.
Borgoth violently stops moving!
Borgoth dies!
You swear to avenge Borgoth's death!
You barely miss the neqoxec.
The neqoxec is moderately wounded.
The wretched star pulses with an eldritch light!
You feel weirdly uncertain.
You feel even more weirdly uncertain.
Wardok twists and deforms.
You closely miss the neqoxec.
The neqoxec is moderately wounded.
You block the neqoxec's attack.
You slash the neqoxec! You burn the neqoxec.
The neqoxec is heavily wounded.
Wardok invokes the aid of Beogh against the wretched star.
The wretched star is smitten.
You slice the wretched star!! You burn the wretched star.
You destroy the wretched star!
Beogh accepts your kill.
You slash the neqoxec! You burn the neqoxec.
You kill the neqoxec!
Beogh accepts your kill.
You feel as though your fallen companions have been avenged.
You see here the orc corpse of Borgoth.
x - 5 potions of mutation (gained 1)
There is a transporter here.
The cacodemon shouts!
You see here the +1 pair of boots of Uskayaw's Outrage {Harm rN+ Str+2}.
You start resting.
Magic restored.
You start resting.
The neqoxec shouts!
HP restored.
You see here the +1 pair of boots of Uskayaw's Outrage {Harm rN+ Str+2}.
Wardok is recalled.
You see here the +1 pair of boots of Uskayaw's Outrage {Harm rN+ Str+2}.
Wardok is recalled.
There is a transporter here.
You enter the transporter and appear at another place.
You swap places.
You open the door.
A minotaur comes into view.
It is wielding the +6 war axe "Moanweup" {venom, +Blink rPois rF+ Dex-2}.
The minotaur bellows!
The minotaur unwields the +6 war axe "Moanweup" {venom, +Blink rPois rF+ Dex-2}.
It stops dripping with poison.
The minotaur wields a +3 shortbow of freezing.
It is covered in frost.
The minotaur shoots an arrow.
The arrow hits Wardok!!
The arrow freezes Wardok.
Found a lightning rod (4/4).
Found a gate leading back out of this place.
You swap places.
There is an open door, spattered with blood here.
The minotaur throws a javelin.
The javelin pierces through you.
The minotaur unwields a +3 shortbow of freezing.
The minotaur wields the +6 war axe "Moanweup" {venom, +Blink rPois rF+ Dex-2}.
It begins to drip with poison!
The minotaur hits you with the +6 war axe "Moanweup".
You are poisoned.
You block the minotaur's attack.
You hit the minotaur but do no damage.
You feel very sick.
The minotaur hits you with the +6 war axe "Moanweup"!!
Your body deteriorates!
You feel clumsy.
You feel threatened and lose the ability to read scrolls!
You are more poisoned.
The minotaur gores you but does no damage.
You feel better.
The minotaur hits you with the +6 war axe "Moanweup"!!
* * * LOW HITPOINT WARNING * * *
Your body deteriorates!
You feel clumsy.
You are poisoned.
The minotaur barely misses Wardok.
You block the minotaur's attack.
Wardok hits the minotaur with a +2 flail of venom.
The minotaur is poisoned.
You cannot read scrolls in your current state!
You feel much better.
You feel very sick.
Wardok hits the minotaur with a +2 flail of venom.
The minotaur completely misses you.
The minotaur hits Wardok with the +6 war axe "Moanweup"!!
Wardok looks as sick as possible!
The minotaur gores you but does no damage.
You feel protected.
You feel sick.
Wardok hits the minotaur with a +2 flail of venom.
The minotaur hits you but does no damage.
The minotaur hits Wardok with the +6 war axe "Moanweup"!
Wardok dies!
You swear to avenge Wardok's death!
The minotaur gores you but does no damage.
You feel much better.
You feel sick.
The minotaur hits you with the +6 war axe "Moanweup".
The minotaur gores you.
Aiming: Paralyse
Press: ? - help, Shift-Dir - straight line, f - minotaur
Aim: a minotaur, wielding the +6 war axe "Moanweup" {venom, +Blink rPois rF+ Dex-2}, wearing a +0 chain mail, wearing an amulet of guardian spirit and quivering javelins (lightly wounded, very poisoned, target of orcish vengeance, chance to affect: 1%)
Okay, then.
Unknown command.
You cannot read scrolls in your current state!
You cannot read scrolls in your current state!
Aiming: Fastroot
Press: ? - help, Shift-Dir - straight line The roots erupt in riotous growth!
Roots grab the minotaur.
The grasping roots constrict the minotaur, but do no damage.
You feel sick.
The minotaur hits you with the +6 war axe "Moanweup"!!
* * * LOW HITPOINT WARNING * * *
You block the minotaur's attack.
You cannot read scrolls in your current state!
Okay, then.
Okay, then.
You fade into invisibility!
The grasping roots constrict the minotaur.
You feel sick.
The minotaur hits you with the +6 war axe "Moanweup".
* * * LOW HITPOINT WARNING * * *
The minotaur barely misses you.
You feel much better.
The grasping roots constrict the minotaur.
You feel sick.
You grasping roots sink back into the ground.
You block the minotaur's attack. The minotaur barely misses you.
Okay, then.
You feel sick.
There is a gate leading back out of this place, spattered with blood here.
Items here: )) : ?? } †.
Okay, then.
Unknown command.
Unknown command.
Press: ? - help, v - describe, . - travel, g - get item
Items here: )) : ?? } †.
A gate leading back out of this place, spattered with blood.
Unknown command.
Press: ? - help, v - describe, . - travel
Here: a minotaur, wielding the +6 war axe "Moanweup" {venom, +Blink rPois rF+ Dex-2}, wearing a +0 chain mail, wearing an amulet of guardian spirit and quivering javelins (moderately wounded, unable to see you, very poisoned, target of orcish vengeance)
The floor, spattered with blood.
Unknown command.
Unknown command.
Unknown command.
Unknown command.
Aiming: Smiting
Press: ? - help, Dir - move target, f - minotaur Smite: a minotaur, wielding the +6 war axe "Moanweup" {venom, +Blink rPois rF+ Dex-2}, wearing a +0 chain mail, wearing an amulet of guardian spirit and quivering javelins (moderately wounded, unable to see you, very poisoned, target of orcish vengeance)
You smite the minotaur!!!
The minotaur is severely wounded.
You feel sick.
You are no longer poisoned.
The minotaur hits you with the +6 war axe "Moanweup"!
* * * LOW HITPOINT WARNING * * *
You are poisoned.
You block the minotaur's attack.
Aiming: Smiting
Press: ? - help, Dir - move target, f/p - minotaur Smite: a minotaur, wielding the +6 war axe "Moanweup" {venom, +Blink rPois rF+ Dex-2}, wearing a +0 chain mail, wearing an amulet of guardian spirit and quivering javelins (severely wounded, unable to see you, poisoned, target of orcish vengeance)
You smite the minotaur!!
The minotaur is almost dead.
* * * LOW HITPOINT WARNING * * *
You feel very sick.
The minotaur hits you with the +6 war axe "Moanweup"!!
You die...

≈©#..##### §§#..#≈ß≈#
≈≈#..#...######
§§####.ß.##...#
..#©.....##.#.#
≈^####.ß....#.#
≈)#..#...##.#.####+##
###..#.ß.##...##..⌠.#
....≈#...##.#.##@...#
....∩#.ß....#.'.H..⌠+
....≈#...##.#.##.⌠..#
###..#.ß.##...###+###
..#..#...##.#.#
..####.ß....#.#
..#©.....##.#.#
#.####.ß.# ..#
#.#..#..§# ###


You could see a minotaur (unable to see you, poisoned, target of vengeance).

Vanquished Creatures
  A hydra (Lair:4)
  A boulder beetle (Lair:3)
  A hell knight (Volcano)
  A wretched star (Gauntlet)
  Pikel (D:6)
  2 cyclopes (Volcano)
  An ugly thing (D:8)
  A salamander (Volcano)
  4 elephants
  5 black mambas
  A molten gargoyle (Volcano)
  Maggie (D:8)
  4 cane toads
  A kobold demonologist (D:7)
  6 komodo dragons
  Jeremiah (D:7)
  2 trolls
  2 polar bears (Lair:2)
  3 hornets
  17 blink frogs
  6 dream sheep (Lair:3)
  A water elemental (Lair:2)
  34 yaks
  2 hogs (Lair:3)
  Eustachio (D:6)
  A wyvern (D:9)
  3 basilisks
  2 neqoxecs (Gauntlet)
  2 steam dragons (D:7)
  Menkaure (D:6)
  2 acid dragons
  5 water moccasins
  2 black bears (D:10)
  An orc warrior (D:7)
  3 sky beasts
  14 wolves
  A lemure (D:6)
  3 centaurs
  A phantom (Sewer)
  Blork the orc (D:6)
  A kobold brigand (Sewer)
  13 bullfrogs
  A gnoll sergeant (D:5)
  3 scorpions
  5 wights (D:10)
  16 killer bees
  An electric eel (D:7)
  6 howler monkeys
  A bombardier beetle (D:3)
  An orc priest (D:9)
  5 hounds
  2 jellies (D:5)
  A sleepcap (D:4)
  Jessica (D:2)
  4 iguanas
  4 orc wizards
  13 adders
  4 gnolls
  A river rat (D:4)
  2 shadow imps (Sewer)
  A white imp (D:8)
  6 ufetubi
  2 ribbon worms (D:3)
  11 dart slugs
  21 orcs
  11 ball pythons
  6 endoplasms
  9 giant cockroaches
  9 goblins
  8 hobgoblins
  2 jackals (D:3)
  22 kobolds
  4 quokkas
  4 bats
  3 frilled lizards
  2 kobold zombies (Sewer)
  6 rats
354 creatures vanquished.

Vanquished Creatures (collateral kills)
  Kirke (Lair:3)
  A hydra (Lair:4)
  Erica (Lair:2)
  A catoblepas (Lair:4)
  2 skysharks (Lair:3)
  2 cyclopes (Volcano)
  3 salamanders
  A rust devil (Gauntlet)
  3 molten gargoyles (Volcano)
  A gargoyle (Volcano)
  2 rime drakes
  2 komodo dragons (Lair:2)
  9 blink frogs
  4 dream sheep (Lair:3)
  A snapping turtle (Lair:2)
  6 yaks
  A wyvern (Lair:4)
  2 basilisks
  A ynoxinul (Gauntlet)
  A neqoxec (Gauntlet)
  2 hogs (Lair:3)
  2 water moccasins (Lair:2)
  8 wolves (Lair:2)
  A bullfrog (Lair:3)
  3 lava snakes (Lair:3)
  3 iron imps (Gauntlet)
64 creatures vanquished.

Vanquished Creatures (others)
  3 orc apostles (Gauntlet)
  A jelly (D:7)
4 creatures vanquished.

Grand Total: 422 creatures vanquished

Notes
Turn   | Place    | Note
-------+----------+-------------------------------------------
     0 | D:1      | sleeves the Mountain Dwarf Monk began the quest for the
                  | Orb.
     0 | D:1      | Reached XP level 1. HP: 19/19 MP: 1/1
    78 | D:1      | HP: 9/19 [dart slug/slug dart (4)]
    81 | D:1      | Reached skill level 4 in Axes
   167 | D:1      | Reached XP level 2. HP: 23/26 MP: 2/2
   369 | D:1      | Found a faded altar of an unknown god.
   372 | D:1      | Got Plato's Lectures on Misfortune
  1359 | D:2      | Reached skill level 5 in Axes
  1480 | D:2      | HP: 12/26 [kobold/+2 dagger of protection (4)]
  1574 | D:2      | Reached XP level 3. HP: 25/31 MP: 3/3
  1613 | D:2      | HP: 15/31 [poisoned by an adder]
  1854 | D:2      | Found a runed translucent door.
  1855 | D:2      | Noticed Crazy Yiuf
  2049 | D:2      | Reached skill level 6 in Axes
  2049 | D:2      | Reached XP level 4. HP: 38/38 MP: 4/4
  2076 | D:2      | Noticed Jessica
  2084 | D:2      | Killed Jessica
  2108 | D:2      | Found Edwuyx's Antique Weapon Emporium.
  2635 | D:3      | Found a shimmering blue altar of Sif Muna.
  2780 | D:3      | Reached XP level 5. HP: 45/45 MP: 5/5
  2844 | D:3      | Noticed Sigmund
  2946 | D:3      | Identified the +1 dagger "Zeaptuv" {heavy, rN++ Will-}
  2971 | D:3      | Reached skill level 7 in Axes
  3092 | D:3      | You fall into a shaft and drop 3 floors!
  3096 | D:6      | Noticed a lemure
  3122 | D:6      | Reached skill level 8 in Axes
  3136 | D:6      | Killed a lemure
  3137 | D:6      | HP: 22/67 [cloud of flame (20)]
  3183 | D:6      | Noticed Pikel
  3185 | D:6      | Noticed a lemure
  3185 | D:6      | Noticed a lemure
  3185 | D:6      | Noticed a lemure
  3190 | D:6      | HP: 33/67 [Pikel/+2 whip of freezing (2)]
  3195 | D:6      | HP: 27/67 [Pikel/+2 whip of freezing (4)]
  3198 | D:6      | HP: 12/67 [Pikel/+2 whip of freezing (2)]
  3205 | D:6      | HP: 24/67 [Pikel/+2 whip of freezing (4)]
  3207 | D:6      | HP: 11/67 [Pikel/+2 whip of freezing (4)]
  3214 | D:6      | HP: 21/67 [Pikel/+2 whip of freezing (4)]
  3215 | D:6      | Killed Pikel
  3216 | D:6      | Reached skill level 10 in Axes
  3216 | D:6      | Reached XP level 6. HP: 21/51 MP: 6/6
  3216 | D:6      | Reached XP level 7. HP: 24/57 MP: 7/7
  3409 | D:6      | Noticed Menkaure
  3413 | D:5      | Entered Level 5 of the Dungeon
  3557 | D:4      | Got the Cyclopedia of the Hills
  3645 | D:4      | Reached skill level 11 in Axes
  3876 | D:4      | Found a glowing drain.
  3882 | Sewer    | Entered a sewer
  4155 | Sewer    | Found an ancient bone altar of Kikubaaqudgha.
  4262 | Sewer    | Reached skill level 1 in Armour
  4262 | Sewer    | Reached XP level 8. HP: 44/66 MP: 8/8
  4402 | Sewer    | Reached skill level 4 in Fighting
  4785 | D:3      | Sigmund changed into Sigmund the wolf
  4785 | D:3      | Noticed Sigmund
  4806 | D:3      | Killed Sigmund the wolf
  4807 | D:3      | Reached skill level 2 in Armour
  5430 | D:5      | Found a staircase to the Ecumenical Temple.
  5487 | Temple   | Entered the Ecumenical Temple
  5862 | D:5      | Found a shadowy altar of Dithmenos.
  5864 | D:5      | Found a sparkling altar of Nemelex Xobeh.
  6034 | D:4      | Reached skill level 3 in Armour
  6383 | D:5      | Reached skill level 5 in Fighting
  6522 | D:5      | Found a glowing silver altar of Zin.
  6523 | D:5      | Found a sacrificial altar of Ru.
  6561 | D:5      | Reached skill level 12 in Axes
  6842 | D:6      | Reached skill level 4 in Armour
  6856 | D:6      | Noticed Eustachio
  6880 | D:6      | Killed Eustachio
  7004 | D:6      | Noticed Blork the orc
  7015 | D:6      | Killed Blork the orc
  7016 | D:6      | Reached skill level 6 in Fighting
  7090 | D:6      | Killed Menkaure
  7091 | D:6      | Reached skill level 5 in Armour
  7091 | D:6      | Reached XP level 9. HP: 75/75 MP: 9/9
  7491 | D:6      | HP: 39/78 [yak (4)]
  7667 | D:5      | Reached skill level 7 in Fighting
  7667 | D:5      | Reached skill level 6 in Armour
  8110 | D:7      | Reached skill level 7 in Armour
  8185 | D:7      | Reached skill level 8 in Fighting
  8220 | D:7      | Noticed Jeremiah
  8226 | D:7      | Killed Jeremiah
  8699 | D:7      | Reached skill level 8 in Armour
  8785 | D:7      | Reached skill level 9 in Fighting
  8925 | D:7      | Found Zitiklis's Assorted Antiques.
  8926 | D:7      | Found Yrpheg's General Store.
  8932 | D:7      | HP: 36/83 [electric eel/bolt of electricity (9)]
  9087 | D:7      | HP: 32/83 [electric eel/bolt of electricity (13)]
  9355 | D:7      | Found Gecza's Armour Boutique.
  9679 | D:8      | Reached XP level 10. HP: 83/91 MP: 10/10
  9980 | D:8      | Noticed a manticore
 10068 | D:8      | Noticed a purple ugly thing
 10068 | D:8      | Noticed Maggie
 10079 | D:8      | Killed a purple ugly thing
 10084 | D:8      | Killed Maggie
 10223 | D:8      | Reached skill level 9 in Armour
 10481 | D:7      | Reached skill level 10 in Fighting
 11021 | D:9      | HP: 46/93 [poisoned by a killer bee]
 11026 | D:9      | HP: 57/139 [poisoned by a killer bee]
 11034 | D:9      | HP: 55/139 [killer bee (2)]
 11286 | D:9      | Reached skill level 10 in Armour
 11439 | D:9      | Noticed a two-headed ogre
 11956 | D:10     | Entered Level 10 of the Dungeon
 12025 | D:9      | Noticed a meliai
 12025 | D:9      | Noticed a cyclops
 12144 | D:9      | Reached skill level 3 in Dodging
 12537 | D:10     | HP: 46/93 [troll (1)]
 12765 | D:10     | HP: 40/93 [komodo dragon (11)]
 13011 | D:10     | Found a staircase to the Lair.
 13053 | D:10     | Reached XP level 11. HP: 51/99 MP: 11/11
 13312 | D:10     | Became a worshipper of Beogh the Shepherd
 13312 | D:10     | Reached * piety under Beogh
 13312 | D:10     | Reached ** piety under Beogh
 13435 | D:10     | Found a staircase to the Orcish Mines.
 13738 | D:10     | HP: 48/99 [killer bee (3)]
 13743 | D:10     | HP: 32/99 [poisoned by a killer bee]
 13745 | D:10     | Reached skill level 1 in Invocations
 13748 | D:10     | HP: 27/99 [poisoned by a killer bee]
 13766 | D:10     | HP: 30/99 [killer bee (1)]
 13770 | D:10     | HP: 13/99 [killer bee (5)]
 13775 | D:10     | HP: 16/99 [wight/+2 halberd of freezing (9)]
 13782 | D:10     | HP: 17/96 [wight/+2 halberd of freezing (4)]
 13787 | D:10     | HP: 28/95 [poisoned by a water moccasin]
 13792 | D:9      | HP: 21/95 [poisoned by a water moccasin]
 14386 | D:11     | Reached skill level 13 in Axes
 14574 | D:11     | Reached skill level 4 in Dodging
 14574 | D:11     | Reached skill level 2 in Invocations
 14588 | D:11     | HP: 46/99 [yak (6)]
 14752 | D:11     | Noticed Erolcha
 14801 | D:11     | Noticed a two-headed ogre
 14839 | Lair:1   | Entered Level 1 of the Lair of Beasts
 14866 | D:10     | Reached skill level 3 in Invocations
 14963 | Lair:1   | Reached skill level 11 in Armour
 15155 | Lair:1   | Noticed an orange crystal statue
 15335 | Lair:1   | HP: 44/99 [blink frog (6)]
 15336 | Lair:1   | Reached skill level 4 in Invocations
 15340 | Lair:1   | HP: 41/99 [poisoned by a black mamba]
 15345 | Lair:1   | HP: 27/99 [blink frog (5)]
 15736 | Lair:1   | Reached skill level 5 in Invocations
 15977 | Lair:1   | Reached skill level 5 in Dodging
 15981 | Lair:1   | HP: 49/99 [komodo dragon (8)]
 16268 | Lair:1   | HP: 43/99 [komodo dragon (16)]
 16356 | D:10     | Reached skill level 6 in Invocations
 16483 | Lair:1   | Reached skill level 14 in Axes
 16635 | Lair:1   | Reached XP level 12. HP: 92/106 MP: 16/16
 16658 | Lair:1   | Reached *** piety under Beogh
 16687 | Lair:1   | Identified the +2 dagger "Nauzo" {heavy, *Rage Will+ Str+3}
 16687 | Lair:1   | Identified the +3 robe of Darkness {+Inv rF+ Str+2}
 16744 | Lair:1   | HP: 52/106 [Borgoth the orc apostle/the +2 dagger "Nauzo"
                  | {heavy, *Rage Will+ Str+3} (11)]
 16749 | Lair:1   | HP: 47/106 [Borgoth the orc apostle/puff of flame (1)]
 16754 | Lair:1   | Anointed Borgoth the wizard as your apostle
 17268 | Lair:2   | Reached skill level 12 in Armour
 17269 | Lair:2   | HP: 47/106 [yak (9)]
 17400 | Lair:2   | Reached skill level 7 in Invocations
 17531 | Lair:2   | HP: 52/106 [poisoned by a black mamba]
 17536 | Lair:2   | HP: 41/106 [poisoned by a black mamba]
 17541 | Lair:2   | HP: 38/106 [poisoned by a black mamba]
 17831 | Lair:1   | HP: 53/106 [poisoned by a black mamba]
 18082 | Lair:2   | HP: 52/106 [poisoned by a cane toad]
 18087 | Lair:2   | HP: 44/106 [poisoned by a cane toad]
 18092 | Lair:2   | HP: 36/106 [poisoned by a cane toad]
 18095 | Lair:2   | Reached skill level 6 in Dodging
 18098 | Lair:2   | Noticed Erica
 18335 | Lair:2   | Paralysed by Erica for 4 turns
 18343 | Lair:2   | HP: 50/106 [poisoned by Erica (bolt of poison)]
 18351 | Lair:2   | Killed Erica
 18352 | Lair:2   | Reached skill level 8 in Invocations
 18431 | Lair:2   | HP: 51/106 [wolf (3)]
 18437 | Lair:2   | HP: 37/106 [wolf (3)]
 18500 | Lair:2   | HP: 48/106 [Wardok the orc apostle/divine providence (12)]
 18505 | Lair:2   | HP: 42/106 [poisoned by Wardok]
 18510 | Lair:2   | HP: 26/106 [poisoned by Wardok]
 18513 | Lair:2   | Anointed Wardok the priest as your apostle
 18515 | Lair:2   | HP: 15/106 [poisoned by Wardok]
 18520 | Lair:1   | HP: 11/106 [poisoned by Wardok]
 19043 | Lair:2   | Reached skill level 1 in Shields
 19362 | Lair:2   | Identified the +0 robe of Gech {rElec rF+ Str+6 Int-2}
 19436 | Lair:2   | Found a staircase to the Shoals.
 19615 | Lair:2   | Reached skill level 2 in Shields
 19620 | Lair:2   | Reached skill level 15 in Axes
 19835 | Lair:3   | Reached **** piety under Beogh
 19836 | Lair:3   | Reached skill level 9 in Invocations
 19878 | Lair:3   | Reached skill level 3 in Shields
 19882 | Lair:3   | Reached skill level 13 in Armour
 19888 | Lair:3   | HP: 48/106 [komodo dragon (22)]
 19893 | Lair:3   | HP: 47/106 [blink frog (3)]
 20063 | Lair:3   | Reached XP level 13. HP: 100/113 MP: 20/20
 20096 | Lair:3   | Reached skill level 4 in Shields
 20152 | Lair:3   | Found a staircase to the Snake Pit.
 20273 | Lair:3   | HP: 45/113 [skyshark (16)]
 20409 | Lair:3   | Reached skill level 10 in Invocations
 20446 | Lair:3   | HP: 56/113 [yak (7)]
 20453 | Lair:3   | Reached skill level 5 in Shields
 20456 | Lair:3   | HP: 34/113 [yak (13)]
 20507 | Lair:3   | Found a dark tunnel.
 20541 | Lair:3   | Identified the +3 flail of Prudence {spect, Fly rF+ Int+2
                  | Stlth+}
 20541 | Lair:3   | Noticed Orgrim
 20546 | Lair:3   | HP: 51/113 [+3 flail of Prudence {spect, Fly rF+ Int+2
                  | Stlth+}[Orgrim the orc apostle] (9)]
 20548 | Lair:3   | HP: 25/113 [+3 flail of Prudence {spect, Fly rF+ Int+2
                  | Stlth+}[Orgrim the orc apostle] (18)]
 20552 | Lair:3   | Anointed Orgrim the priest as your apostle
 20560 | Volcano  | Entered a volcano
 20789 | Volcano  | Reached ***** piety under Beogh
 21169 | Volcano  | Reached skill level 16 in Axes
 21175 | Volcano  | Noticed an orb of fire
 21185 | Volcano  | Reached skill level 11 in Invocations
 21412 | Volcano  | Reached skill level 6 in Shields
 21518 | Volcano  | HP: 50/113 [hell knight/bolt of fire (10)]
 21756 | Volcano  | Noticed an orb of fire
 22126 | Lair:3   | Noticed Kirke
 22135 | Lair:3   | Killed Kirke
 22339 | Lair:4   | Reached skill level 7 in Shields
 22459 | Lair:4   | Reached skill level 12 in Invocations
 22735 | Lair:4   | Reached skill level 8 in Shields
 22803 | Lair:4   | Found a gate leading to a gauntlet.
 22819 | Gauntlet | Entered a Gauntlet
 22819 | Gauntlet | Found a transporter.
 22819 | Gauntlet | Found a transporter.
 22824 | Gauntlet | Found a transporter.
 22839 | Gauntlet | Found a transporter.
 22860 | Gauntlet | Found a transporter.
 22869 | Gauntlet | Found a transporter.
 22875 | Gauntlet | Noticed a cacodemon
 22885 | Gauntlet | Found a transporter.
 22951 | Gauntlet | Found a transporter.
 22966 | Gauntlet | Found a transporter.
 22980 | Gauntlet | Found a transporter.
 22993 | Gauntlet | Found a transporter.
 23009 | Gauntlet | Found a transporter.
 23076 | Gauntlet | Found a transporter.
 23086 | Gauntlet | Found a transporter.
 23120 | Gauntlet | Found a transporter.
 23132 | Gauntlet | Found a transporter.
 23330 | Gauntlet | Identified the -2 pair of gloves of Compression {-Cast rF+
                  | rC+++ Slay+3}
 23404 | Gauntlet | Your ally Orgrim died
 23512 | Gauntlet | Gained mutation: [You are extremely frail. (-30% HP)] [a
                  | neqoxec]
 23517 | Gauntlet | HP: 21/79 [wretched star/lance of force (24)]
 23517 | Gauntlet | HP: 10/79 [neqoxec/psychic fangs (8)]
 23524 | Gauntlet | Your ally Borgoth died
 23537 | Gauntlet | Identified the +1 pair of boots of Uskayaw's Outrage {Harm
                  | rN+ Str+2}
 23676 | Gauntlet | Identified the +6 war axe "Moanweup" {venom, +Blink rPois
                  | rF+ Dex-2}
 23676 | Gauntlet | Noticed a minotaur
 23681 | Gauntlet | HP: 14/79 [minotaur/the +6 war axe "Moanweup" {venom,
                  | +Blink rPois rF+ Dex-2} (31)]
 23683 | Gauntlet | Your ally Wardok died
 23686 | Gauntlet | HP: 19/79 [poisoned by a minotaur]
 23690 | Gauntlet | Mangled by a minotaur

Illustrated notes

Levels and vault maps discovered:
D:1:      dpeg_cavernosity, layout_loops_corners,
          shapermc_ecumenical_altar_rom_forum, st_stairs_3,
          nicolae_figureground_sparkle
D:2:      layout_loops_ring, serial_shops, shop, serial_rivers,
          chequers_serial_rivers_micro_a, chequers_serial_rivers_micro_a,
          chequers_serial_rivers_micro_d, chequers_serial_rivers_small_a,
          minmay_fractal_squares_gapless_5, uniq_jessica,
          uniq_crazy_yiuf_cottage
D:3:      layout_basic, lemuel_blue_sif_altar, uniq_sigmund
D:4:      layout_basic, mainiacjoe_sewer_entry_somewhere_in_here_2,
          hangedman_decor_peaks_small
D:5:      layout_gridville, nicolae_overflow_hidden_temple,
          minmay_temple_entry_enclosed_plants, chequers_serial_rivers_large_b
D:6:      kennysheep_slugbush, layout_basic, uniq_eustachio, uniq_blork_the_orc,
          uniq_menkaure, uniq_pikel
D:7:      layout_loops_ring, nicolae_wooded_promenade, minmay_quadrilaterals,
          uniq_jeremiah
D:8:      layout_loops_cross, minmay_three_doors, uniq_maggie
D:9:      layout_roguey, kennysheep_pointless_box, lightli_corner_chamber
D:10:     layout_stronghold, due_lair_maze_entry_diamond, orc_0_dummy
D:11:     layout_basic, serial_shops, shop_statue, kennysheep_little_box,
          nicolae_shop_window_shopping, shop, nicolae_shop_rolled_up,
          minmay_misc_feat_encased, uniq_erolcha
Temple:   sentei_temple_godly_chess
Lair:1:   layout_chaotic_city, disabler_island
Lair:2:   beast_lair_carwin_large_2, layout_regular_city,
          minmay_shoals_entry_hut, lemuel_old_faithful, serial_bayou_shore_b,
          uniq_erica
Lair:3:   layout_chaotic_city, nicolae_snake_entry_warm_welcome,
          nicolae_volcano_entry_s_turn, uniq_kirke
Lair:4:   layout_cave_pods, gauntlet_entry_generic
Gauntlet: gammafunk_gauntlet_branching [gammafunk_gauntlet_arena_mazey,
          gammafunk_gauntlet_arena_crates, gammafunk_gauntlet_arena_hedges,
          gammafunk_gauntlet_arena_grid, gammafunk_gauntlet_arena_split_x,
          gammafunk_gauntlet_arena_chambers,
          nicolae_gauntlet_arena_flowing_pool, nicolae_gauntlet_arena_t_cross,
          gauntlet_exit_hidden_loot]

Skill      XL: |  1  2  3  4  5  6  7  8  9 10 11 12 13 |
---------------+----------------------------------------+-----
Axes           | 4 5 6 10 11 12 14 15 16 | 16.0
Armour         | 1 5 8 10 11 13 | 13.0
Fighting       | 6 9 10 | 10.0
Dodging        | 3 5 6 |  6.2
Invocations    | 6 9 12 | 12.9
Shields        | 3 8 |  8.4

Action                     |  1- 3 |  4- 6 |  7- 9 | 10-12 | 13-15 || total
---------------------------+-------+-------+-------+-------+-------++-------
  Melee: Hand axe          |    43 |     7 |       |       |       ||    50
         Mace              |    39 |    95 |   600 |    26 |       ||   760
         War axe           |       |       |       |   708 |   195 ||   903
  Throw: Dart              |    10 |    10 |   105 |    50 |       ||   175
 Invoke: Convert to Beogh  |       |       |       |     1 |       ||     1
         Recall Apostles   |       |       |       |     4 |     4 ||     8
         Recruit Apostle   |       |       |       |     2 |     1 ||     3
         Smiting           |       |       |       |       |     2 ||     2
  Evoke: Wand              |       |       |    11 |    19 |     1 ||    31
    Use: Potion            |       |     7 |       |     9 |     8 ||    24
         Scroll            |       |     6 |     3 |     9 |     3 ||    21
   Stab: Paralysed         |       |       |    10 |    13 |       ||    23
         Sleeping          |       |       |     2 |       |       ||     2
         Distracted        |       |       |       |     2 |     2 ||     4
         Invisible         |       |       |       |       |     1 ||     1
 Armour: Robe              |    54 |    41 |   142 |       |    17 ||   254
         Skin              |       |    53 |       |    65 |       ||   118
         Scale mail        |       |     7 |   177 |       |       ||   184
         Leather armour    |       |       |    98 |    82 |    23 ||   203
         Steam dragon scal |       |       |    29 |     3 |       ||    32
         Plate armour      |       |       |       |   625 |   137 ||   762
  Dodge: Dodged            |    57 |    72 |   444 |   449 |    59 ||  1081
  Block: Kite shield       |       |       |       |       |    48 ||    48

Table legend: (Time is in decaauts)
 A = Elapsed time spent in this place.
 B = Non-inter-level travel time spent in this place.
 C = Inter-level travel time spent in this place.
 D = Time resting spent in this place.
 E = Time spent auto-exploring this place.
 F = Levels seen in this place.
 G = Mean time per level.
                   A        B        C        D        E       F      G
               +--------+--------+--------+--------+--------+-----+--------+
         Total |  23683 |  21238 |   2445 |   5461 |  10916 |  19 | 1246.5 |
       Dungeon |  14610 |  13174 |   1436 |   2476 |   7939 |  11 | 1328.2 |
        Temple |      1 |      1 |      0 |      0 |      0 |   1 |    1.0 |
          Lair |   6212 |   5204 |   1008 |   1679 |   2414 |   4 | 1553.0 |
         Sewer |    706 |    706 |      0 |    112 |    225 |   1 |  706.0 |
       Volcano |   1287 |   1287 |      0 |    881 |     41 |   1 | 1287.0 |
      Gauntlet |    865 |    865 |      0 |    312 |    297 |   1 |  865.0 |
               +--------+--------+--------+--------+--------+-----+--------+

Top non-repeatable levels by time:
  Lair:1: 2660 daAuts
    D:10: 2355 daAuts
  Lair:2: 1890 daAuts
     D:6: 1702 daAuts
     D:7: 1603 daAuts
     D:9: 1445 daAuts
     D:5: 1397 daAuts
     D:2: 1376 daAuts
     D:1: 1305 daAuts
 Volcano: 1287 daAuts
     D:8: 1229 daAuts
  Lair:3: 1176 daAuts
     D:4: 1041 daAuts
Gauntlet: 865 daAuts
     D:3: 830 daAuts
